 Dungeon Crawl Stone Soup version 0.14-a0-2964-g8dc6adb (webtiles) character file.

1369 Psiweapon the Sneak (level 8, 0/38 HPs)
             Began as a Kobold Hunter on Mar 5, 2014.
             Was an Initiate of Dithmenos.
             Slain by a hippogriff (6 damage)
             ... on Level 7 of the Dungeon.
             The game lasted 00:24:04 (5994 turns).

Psiweapon the Sneak (Kobold Hunter)                 Turns: 5994, Time: 00:24:04

HP   0/38        AC  5     Str 12      XL: 8   Next: 54%
MP   8/8         EV 17     Int  9      God: Dithmenos [......]
Gold 295         SH  0     Dex 17      Spells:  0 memorised,  7 levels left

rFire  . . .     SeeInvis .     b - +1 crossbow
rCold  . . .     Clarity  .     d - +0 leather armour
rNeg   . . .     Conserve .     (no shield)
rPois  .         rCorr    .     (no helmet)
rElec  .         rRot     .     v - +1 cloak
SustAb . .       Spirit   .     (no gloves)
rMut   .         Warding  .     (no boots)
Saprov + + .     Stasis   .     (no amulet)
MR     .....                    (no ring)
                                (no ring)

@: not resistant to hostile enchantments, very stealthy
A: disease resistance, carnivore 3, frail 1, saprovore 2
a: Renounce Religion


You were on level 7 of the Dungeon.
You worshipped Dithmenos.
Dithmenos was noncommittal.
You were completely stuffed.

You visited 2 branches of the dungeon, and saw 8 of its levels.

You collected 295 gold pieces.

Inventory:

Hand weapons
 a - the +9,+5 dagger of Cheibriados' Wrath {stab, rC+}
   (You found it on level 6 of the Dungeon)

   It inflicts extra damage upon your enemies.
   It protects you from cold.
 b - a +1,+1 crossbow (weapon)
 u - a +2,+2 quarterstaff of chaos
 y - a +0 blowgun
 F - a +2,+0 war axe of electrocution
 J - a +0,+0 short sword
 M - a +0,+0 dagger of electrocution
Missiles
 c - 55 bolts (quivered)
 A - 20 poisoned needles
Armour
 d - a +0 leather armour (worn)
 v - a +1 cloak (worn)
 w - a +0 ring mail
Magical devices
 t - a wand of teleportation (1)
 C - a wand of cold (7)
 E - a wand of enslavement (15) {unknown}
 H - a wand of flame (4) {unknown}
Comestibles
 f - 3 meat rations
 K - 3 rotting chunks of orc flesh
 L - a chunk of bat flesh
 N - 3 chunks of giant frog flesh
 P - a chunk of worker ant flesh
Scrolls
 e - 3 scrolls of enchant armour
 g - 2 scrolls of enchant weapon II {unknown}
 i - a scroll of teleportation {unknown}
 l - 4 scrolls of remove curse
 p - a scroll of enchant weapon I {unknown}
 r - 3 scrolls of amnesia {unknown}
 s - 2 scrolls of noise {unknown}
 z - 4 scrolls of random uselessness
 B - 2 scrolls of recharging {unknown}
 D - a scroll of magic mapping {unknown}
 G - 2 scrolls of identify
 O - a scroll of silence {unknown}
Jewellery
 x - an uncursed amulet of resist mutation
Potions
 h - 2 potions of invisibility {unknown}
 j - a potion of curing
 k - a potion of paralysis
 m - 3 potions of lignification
 n - 2 potions of heal wounds
 o - a potion of degeneration {unknown}
 q - a potion of poison
 I - a potion of flight {unknown}


   Skills:
 - Level 1.1 Fighting
 - Level 5.0 Short Blades
 + Level 6.7 Crossbows
 - Level 0.1 Armour
 + Level 6.7 Dodging
 + Level 7.9 Stealth


You had 7 spell levels left.
You didn't know any spells.

Dungeon Overview and Level Annotations

Branches:
Dungeon (7/16)             Temple (1/1) D:4

Altars:
Ashenzari
Cheibriados
Dithmenos
Elyvilon
Fedhas
Kikubaaqudgha
Makhleb
Nemelex Xobeh
Sif Muna
Trog
Vehumet
Xom
Yredelemnul
Zin
The Shining One

Shops:
D:5 (

Annotations:
D:6 uri's ghost, experienced DECj
D:7 exclusion: upstairs


Innate Abilities, Weirdness & Mutations

You recuperate from illness quickly.
You are small and have problems with some larger weapons.
You are carnivorous and can eat meat at any time.
You can eat rotten meat.
You are frail (-10% HP).


Message History

The hippogriff is severely wounded.
The hippogriff misses you. The hippogriff pecks you.
The hippogriff closely misses you.
Firing (i - inventory):
c - 57 bolts (quivered)
Press: ? - help, Shift-Dir - straight line, f/p - hippogriff
Aim: a hippogriff (severely wounded)
You shoot a bolt. The bolt hits the hippogriff.
The hippogriff is almost dead.
The hippogriff bites you. The hippogriff completely misses you.
The hippogriff claws you.
* * * LOW HITPOINT WARNING * * *
Firing (i - inventory):
c - 56 bolts (quivered)
Press: ? - help, Shift-Dir - straight line, f/p - hippogriff
Aim: a hippogriff (almost dead)
You shoot a bolt. The bolt hits the hippogriff.
The hippogriff is almost dead.
The hippogriff closely misses you.
The hippogriff pecks you but does no damage.
The hippogriff claws you.
You die...

... .........
...........
.............
#..............
#..>...........
#..............
#......H........
#......@.#
#........#
#........#
#....>...#
#........#
#........#
#........#
#........#
#........#


You could see a hippogriff.

Vanquished Creatures
  2 ogres
  A phantom (D:4)
  3 giant frogs (D:6)
  2 hounds
  Crazy Yiuf (D:3)
  2 orc priests
  4 orc wizards
  3 worker ants
  Natasha (thrice) (D:3)
  Ijyb (D:3)
  Jessica (D:3)
  A hound skeleton (D:4)
  7 adders
  A giant mite (D:2)
  2 worms
  An orc zombie (D:3)
  An orc skeleton (D:5)
  5 giant geckos
  20 orcs
  4 bats
  4 giant cockroaches
  10 goblins
  6 hobgoblins
  5 jackals
  11 kobolds
  3 giant newts
  A goblin skeleton (D:3)
  A hobgoblin skeleton (D:4)
  4 quokkas
  A quokka skeleton (D:5)
  5 rats
  A rat skeleton (D:6)
  A rat zombie (D:7)
118 creatures vanquished.

Notes
Turn   | Place    | Note
--------------------------------------------------------------
     0 | D:1      | Psiweapon, the Kobold Hunter, began the quest for the Orb.
     0 | D:1      | Reached XP level 1. HP: 12/12 MP: 1/1
   123 | D:1      | Reached skill level 5 in Crossbows
   266 | D:1      | Reached XP level 2. HP: 16/16 MP: 2/2
   734 | D:1      | Reached skill level 1 in Short Blades
  1054 | D:2      | Reached XP level 3. HP: 11/20 MP: 3/3
  1482 | D:2      | Found a deep blue altar of Sif Muna.
  1487 | D:2      | Found a glowing silver altar of Zin.
  1489 | D:2      | Found a snail-covered altar of Cheibriados.
  1490 | D:2      | Found a blossoming altar of Fedhas.
  1492 | D:2      | Found a basalt altar of Yredelemnul.
  1494 | D:2      | Found a shattered altar of Ashenzari.
  1882 | D:3      | Noticed Natasha
  1886 | D:3      | Killed Natasha
  1886 | D:3      | Reached XP level 4. HP: 25/25 MP: 4/4
  1888 | D:3      | Found a burning altar of Makhleb.
  1895 | D:3      | Noticed Natasha
  1899 | D:3      | Killed Natasha
  2159 | D:3      | Noticed Natasha
  2160 | D:3      | Killed Natasha
  2280 | D:3      | Noticed Crazy Yiuf
  2285 | D:3      | Killed Crazy Yiuf
  2285 | D:3      | Reached XP level 5. HP: 29/29 MP: 5/5
  2569 | D:3      | Noticed Jessica
  2571 | D:3      | Killed Jessica
  2739 | D:3      | Noticed Ijyb
  2744 | D:3      | Killed Ijyb
  3183 | D:4      | Reached XP level 6. HP: 34/34 MP: 6/6
  3201 | D:4      | Noticed an ogre
  3207 | D:4      | Killed an ogre
  3207 | D:4      | Reached skill level 5 in Stealth
  3208 | D:4      | Found a staircase to the Ecumenical Temple.
  3223 | Temple   | Entered the Ecumenical Temple
  3335 | D:4      | Reached XP level 7. HP: 33/38 MP: 7/7
  3446 | D:4      | Reached skill level 5 in Short Blades
  3857 | D:4      | Reached skill level 5 in Dodging
  3858 | D:4      | Reached skill level 6 in Stealth
  4132 | D:5      | Entered Level 5 of the Dungeon
  4201 | D:5      | Found Braommer's Weapon Shop.
  4280 | D:5      | Gained mutation: Your system is resistant to poisons. [potion of mutation]
  4280 | D:5      | Lost mutation: Your system is resistant to poisons. [potion of mutation]
  4280 | D:5      | Gained mutation: You are frail (-10% HP). [potion of mutation]
  4825 | D:6      | Found a snail-covered altar of Cheibriados.
  4840 | D:6      | Reached XP level 8. HP: 38/38 MP: 8/8
  4888 | D:6      | Reached skill level 7 in Stealth
  4928 | D:6      | Paralysed by a potion of paralysis for 6 turns
  5320 | D:6      | Got a bone dagger
  5322 | D:6      | Identified the cursed +9,+5 dagger of Cheibriados' Wrath {stab, rC+} (You found it on level 6 of the Dungeon)
  5480 | Temple   | Became a worshipper of Dithmenos
  5866 | D:6      | Noticed uri's ghost (experienced DECj)
  5994 | D:7      | Slain by a hippogriff

Action                   |  1- 3 |  4- 6 |  7- 9 || total
-------------------------+-------+-------+-------++-------
Melee: Short sword       |    46 |    33 |    12 ||    91
       Dagger            |       |       |    23 ||    23
       Crossbow          |       |       |     1 ||     1
 Fire: Crossbow          |    26 |    49 |   144 ||   219
Evoke: Wand              |       |     1 |     1 ||     2
  Use: Scroll            |       |       |     7 ||     7
       Potion            |       |       |     3 ||     3
 Stab: Sleeping          |     2 |       |     1 ||     3
